AoeStats
← Cacique

Nomad

503872904Analyzed
2v2 RM · 1mo ago on Sep 2, 2026· 50m 46s· 4 players
Game mode
Random Map
Map size
176×176
Population
200
Speed
Normal
Resources
Standard
Victory
Conquest
Starting age
Dark Age
Ending age
Imperial Age
RankedLock teamsTeams togetherTeam positionsShared explorationLock speedFull tech treeHidden civsTurbo modeCheats
Victory
Defeat
🇲🇽 Vietnamese · Mexico
772
+12
🇲🇽 Burmese · Mexico
601
+20
🇪🇸 Khmer · Spain
713
-17
🇨🇱 Italians · Chile
657
-15
Cacique
17:10 Feudal Age
17:35 Man-at-Arms
19:10 Town Watch
Quenlionn14
11:30 Feudal Age
9:48 Loom
12:18 Double-Bit Axe
14:46 Wheelbarrow
20:27 Castle Age
23:58 Bow Saw
27:30 Scale Barding Armor
27:51 Forging
27:35 Horse Collar
30:46 Iron Casting
30:46 Heavy Plow
33:09 Scale Mail Armor
33:12 Fletching
33:55 Chain Barding Armor
33:31 Pikeman
37:33 Chain Mail Armor
37:14 Bodkin Arrow
38:15 Hand Cart
39:50 Husbandry
41:28 Tusk Swords
48:08 Redemption
dragonbanshe1
10:39 Loom
15:39 Feudal Age
16:16 Double-Bit Axe
16:39 Man-at-Arms
22:06 Gold Mining
26:22 Fishing Lines
28:50 Castle Age
26:45 Stone Mining
28:57 Bloodlines
29:01 Forging
28:57 Scale Barding Armor
30:42 Gillnets
30:40 Horse Collar
33:17 Wheelbarrow
33:09 Bow Saw
35:27 Hand Cart
36:42 Husbandry
43:05 Imperial Age
45:24 Iron Casting
45:10 Chain Barding Armor
45:44 Chatras
47:27 Elite Battle Elephant
50:08 Plate Barding Armor
50:05 Onager
el roller
2:55 Loom
18:17 Feudal Age
19:52 Wheelbarrow
19:10 Horse Collar
19:14 Fishing Lines
19:30 Gold Mining
19:31 Stone Mining
19:11 Man-at-Arms
20:46 Arson
22:29 Scale Barding Armor
22:16 Fletching
22:28 Scale Mail Armor
27:49 Castle Age
26:14 Bloodlines
28:36 Husbandry
28:56 Hand Cart
29:28 Heavy Plow
29:29 Gillnets
32:42 Gold Shaft Mining
31:46 Light Cavalry
33:05 Forging
34:30 Chain Barding Armor
37:05 Pikeman
41:30 Iron Casting
40:55 Bodkin Arrow
41:01 Padded Archer Armor
45:56 Imperial Age
43:56 Manipur Cavalry
46:18 Chain Mail Armor
46:47 Howdah
49:20 Plate Barding Armor
49:47 Blast Furnace
49:39 Crop Rotation
Connection lost

Rejoining the realm…

Still unreachable

The connection could not be restored.

Session expired

The server has moved on; the page needs a fresh start.